 Dungeon Crawl Stone Soup version 0.27.0-1-g7a089689b8 (webtiles) character file.

Game seed: 13128954495530799640

23 Sabo the Shield-Bearer (level 3, 0/29 HPs)
             Began as a Human Fighter on Aug 4, 2021.
             Slain by a goblin (2 damage)
             ... on level 1 of the Dungeon.
             The game lasted 00:01:57 (594 turns).

Sabo the Shield-Bearer (Human Fighter)               Turns: 594, Time: 00:01:58

Health: 0/29       AC:  6    Str: 17    XL:     3   Next: 12%
Magic:  3/3        EV:  7    Int:  8    God:
Gold:   26         SH:  9    Dex: 12    Spells: 2/2 levels left

rFire    . . .     SeeInvis .   a - +0 war axe
rCold    . . .     Faith    .   c - +0 kite shield
rNeg     . . .     Spirit   .   b - +0 scale mail
rPois    .         Reflect  .   (no helmet)
rElec    .         Harm     .   (no cloak)
rCorr    .         Rampage  .   (no gloves)
Will     .....                  (no boots)
Stlth    ..........             (no amulet)
HPRegen  0.09/turn              (no ring)
MPRegen  0.08/turn              (no ring)

@: no status effects
A: no striking features
a: no special abilities


You were on level 1 of the Dungeon.
You visited 1 branch of the dungeon, and saw 1 of its levels.

You collected 26 gold pieces.

Inventory:

Hand Weapons
 a - a +0 war axe (weapon)
Missiles
 f - 6 curare-tipped darts (quivered)
Armour
 b - a +0 scale mail (worn)
 c - a +0 kite shield (worn)
Scrolls
 h - a scroll of teleportation {unknown}
Potions
 d - a potion of might
 e - a potion of curing {unknown}
 g - a potion of heal wounds {unknown}


   Skills:
 + Level 3.3 Fighting
 + Level 2.2 Axes
 + Level 3.1 Armour
 + Level 3.5 Shields


You had 2 spell levels left.
You didn't know any spells.
Your spell library was empty.

Dungeon Overview and Level Annotations

Branches:
Dungeon (1/15)

Altars:


Message History

A goblin comes into view. It is wielding a +0 dagger.
The kobold hits you but does no damage.
You barely miss the kobold.
The goblin shouts!
You block the gnoll's attack. The kobold hits you but does no damage.
The gnoll hits you from afar with a +0 spear.
You slash the kobold!
You kill the kobold!
The gnoll hits you from afar with a +0 spear!
The gnoll barely misses you.
You see here a +0 dagger.
You hit the gnoll.
The gnoll is moderately wounded.
The gnoll hits you with a +0 spear. x2
You closely miss the gnoll.
The gnoll is moderately wounded.
The gnoll hits you but does no damage. The gnoll barely misses you.
Sorry, you're not good enough to have a special ability.
You completely miss the gnoll.
The gnoll is moderately wounded.
You block the gnoll's attack.
You completely miss the gnoll.
The gnoll is moderately wounded.
The gnoll hits you with a +0 spear.
* * * LOW HITPOINT WARNING * * *
The gnoll hits you with a +0 spear.
* * * LOW HITPOINT WARNING * * *
You slash the gnoll!
You kill the gnoll!
You block the goblin's attack.
You have reached level 3!
Your experience leads to an increase in your attributes!
Increase (S)trength, (I)ntelligence, or (D)exterity?
You feel stronger.
You closely miss the goblin. The goblin closely misses you.
You block the goblin's attack.
You barely miss the goblin. You block the goblin's attack.
You closely miss the goblin. The goblin hits you but does no damage.
The goblin hits you with a +0 dagger.
You die...

....... ... #
#.>.). #.# .
#..#.# #.#
######..#.####
#.#
..............
... # #......#
#.#
#####.#..#.#
#g#
....†......#
#@#
#######.####
#.#
#.########.#
#..........#
############


You could see a goblin.

Vanquished Creatures
  A gnoll (D:1)
  A ball python (D:1)
  An endoplasm (D:1)
  2 giant cockroaches (D:1)
  2 hobgoblins (D:1)
  3 kobolds (D:1)
  A quokka (D:1)
  A frilled lizard (D:1)
12 creatures vanquished.

Notes
Turn   | Place    | Note
-------+----------+-------------------------------------------
     0 | D:1      | Sabo the Human Fighter began the quest for the Orb.
     0 | D:1      | Reached XP level 1. HP: 18/18 MP: 1/1
   307 | D:1      | Reached XP level 2. HP: 19/24 MP: 2/2
   590 | D:1      | HP: 1/24 [gnoll (6)]
   592 | D:1      | Reached XP level 3. HP: 1/29 MP: 3/3
   594 | D:1      | Slain by a goblin

Illustrated notes

Levels and vault maps discovered:
D:1:      minmay_arrival_semitransparent, layout_loops_ring

Action                   || total
-------------------------++-------
Melee: War axe           ||    35
Armor: Scale mail        ||    13
Dodge: Dodged            ||     9
Block: Kite shield       ||    19
